Map: Pendiente de Agustín EE

Players

MrFercho

  • Race: Zerg Zerg
  • League: Gold
  • Spawn Location: 6:00

TATORREA

  • Race: Protoss Protoss
  • League: Gold
  • Spawn Location: 6:00

tigro

  • Race: Terran Terran
  • League: Bronze
  • Spawn Location: 5:00

MelGibson - Winner!

  • Race: Protoss Protoss
  • League: Gold
  • Spawn Location: 12:00

bananaleaf - Winner!

  • Race: Protoss Protoss
  • League: Bronze
  • Spawn Location: 12:00

Hexen - Winner!

  • Race: Zerg Zerg
  • Spawn Location: 11:00

VOD

Have the link to the VOD?

Description

Time

  • Played on: Aug. 11, 2020, 10:10 p.m.
  • Length: 13:30
Show
View Real Time Build Order
Export as new Build Order

MrFercho Zerg 

Build Orders: 1 Base Baneling Bust, Pool First 

Get SALT Encoding   

  12  0:21  Spawning Pool  
  11  0:27  Drone x2  
  13  0:50  Overlord  
  13  0:51  Overlord  
  13  0:52  Drone  
  14  1:08  Drone  
  15  1:16  Zergling x2  
  16  1:21  Extractor, Queen  
  16  1:23  Drone  
  18  1:33  Drone  
  19  1:44  Drone  
  20  1:55  Drone  
  21  2:05  Drone  
  22  2:21  Zergling x2  
  23  2:29  Zergling x2  
  23  2:38  Zergling x2  
  23  2:39  Zergling x4  
  23  2:44  Metabolic Boost  
  26  2:46  Zergling x2  
  27  2:56  Drone  
  28  3:05  Baneling Nest  
  27  3:12  Zergling x6  
  30  3:20  Overlord  
  30  3:26  Overlord  
  30  3:35  Hatchery  
  30  3:38  Drone  
  30  3:48  Zergling x2  
  31  3:57  Zergling x2  
  31  3:59  Zergling x6  
  35  4:07  Zergling x2  
  36  4:20  Spore Crawler  
  35  4:44  Zergling x8  
  37  4:54  Zergling x4  
  37  4:57  Zergling x2  
  37  4:58  Zergling x6  
  36  5:14  Zergling x6  
  37  5:27  Zergling x4  
  37  5:45  Zergling x8  
  27  6:18  Zergling x2  
  27  6:19  Zergling x10  
  27  6:25  Baneling x8  
  33  6:26  Baneling x2  
  33  6:27  Baneling x4  
  33  6:30  Lair  
  33  6:40  Zergling x4  
  33  6:43  Queen  
  37  6:56  Evolution Chamber  
  37  6:57  Zergling x8  
  40  7:08  Zergling x2  
  40  7:09  Zergling x2  
  31  7:30  Zergling x10  
  31  7:31  Zergling x4  
  37  7:44  Zergling x4  
  36  7:52  Baneling  
  36  7:53  Baneling x11  
  36  7:55  Zergling x4  
  36  7:57  Zergling x2  
  39  8:01  Zergling x6  
  42  8:19  Zerg Ground Armor Level 1  
  42  8:21  Zergling x6  
  40  8:41  Zergling x6  
  40  8:42  Zergling x10  
  43  9:00  Zergling x6  
  43  9:01  Zergling x6  
  42  9:16  Zergling x2  
  42  9:17  Zergling x6  
  45  9:21  Baneling x6  
  44  9:47  Zergling x14  
  30  10:07  Zergling x8  
  31  10:47  Zergling x2  
  31  10:48  Zergling x18  
  41  11:05  Zergling x10  
  42  11:21  Zerg Missile Weapons Level 1  
  42  11:22  Hydralisk Den  
  41  11:38  Centrifical Hooks  
  41  11:41  Baneling  
  41  11:42  Baneling x27  
  41  11:43  Baneling x15  
  41  11:51  Zergling x2  
  41  11:52  Zergling x18  
  51  12:03  Overlord x3  
  51  12:04  Overlord  
  25  12:26  Baneling  
  25  12:27  Baneling x7  
  24  12:30  Zergling x18  
Show
View Real Time Build Order
Export as new Build Order

TATORREA Protoss 

Build Orders:  

Get SALT Encoding   

  12  0:04  Probe  
  13  0:18  Probe  
  14  0:28  Pylon  
  14  0:30  Probe  
  15  0:46  Probe  
  16  0:55  Gateway  
  16  0:56  Gateway  
  16  0:59  Probe  
  17  1:10  Assimilator  
  17  1:11  Probe  
  18  1:21  Pylon  
  18  1:23  Probe (Chrono Boost)  
  19  1:25  Assimilator  
  19  1:36  Probe (Chrono Boost)  
  20  1:41  Probe (Chrono Boost)  
  21  1:48  Cybernetics Core  
  21  1:50  Probe  
  22  2:02  Pylon, Probe  
  23  2:27  Probe  
  24  2:39  Probe  
  25  2:57  Pylon  
  25  3:26  Nexus  
  25  3:30  Stargate  
  25  3:32  Stargate  
  25  3:33  Adept  
  27  3:36  Adept  
  29  3:45  Pylon  
  29  3:47  Probe  
  30  3:53  Warp Gate  
  30  4:03  Adept  
  30  4:04  Probe  
  30  4:06  Adept  
  35  4:16  Probe  
  16  4:44  Probe x2 (Chrono Boost)  
  16  4:54  Probe (Chrono Boost)  
  9  5:37  Probe (Chrono Boost)  
  9  5:38  Probe (Chrono Boost)  
  11  5:48  Probe (Chrono Boost)  
  11  5:49  Probe (Chrono Boost)  
  13  5:53  Probe x2 (Chrono Boost)  
  15  6:03  Probe  
  15  6:04  Probe  
  17  6:09  Phoenix  
  19  6:15  Probe  
  19  6:16  Probe  
  21  6:28  Probe x2  
  23  6:38  Phoenix  
  25  6:40  Probe x2  
  27  6:47  Assimilator  
  27  6:49  Assimilator  
  27  6:52  Probe x2  
  29  7:04  Probe x2  
  29  7:05  Phoenix  
  33  7:16  Probe x2  
  35  7:28  Probe (Chrono Boost)  
  35  7:29  Probe (Chrono Boost)  
  37  7:36  Phoenix  
  39  7:39  Probe x2 (Chrono Boost)  
  39  7:43  Probe (Chrono Boost)  
  39  7:44  Probe (Chrono Boost)  
  43  7:53  Phoenix  
  43  7:54  Probe  
  43  7:55  Probe  
  47  8:06  Probe  
  47  8:07  Probe  
  47  8:11  Phoenix  
  51  8:22  Pylon  
  51  8:29  Probe x2  
  51  8:33  Fleet Beacon  
  53  8:38  Gateway  
  40  9:31  Anion Pulse-Crystals (Chrono Boost)  
  40  9:36  Phoenix x2  
  43  9:54  Cybernetics Core  
  43  10:01  Phoenix  
  43  10:05  Phoenix  
  47  10:26  Phoenix (Chrono Boost)  
  49  10:30  Phoenix (Chrono Boost)  
  51  10:48  Phoenix (Chrono Boost)  
  53  10:50  Phoenix (Chrono Boost)  
  39  11:50  Stalker x2  
  39  11:51  Stalker  
  45  12:03  Phoenix  
  45  12:04  Phoenix  
  49  12:09  Nexus  
Show
View Real Time Build Order
Export as new Build Order

tigro Terran 

Build Orders:  

Get SALT Encoding   

  12  0:12  Supply Depot  
  12  0:17  SCV  
  13  0:29  SCV  
  14  0:41  Barracks, SCV  
  15  0:50  Refinery  
  15  0:54  SCV  
  16  1:06  SCV  
  16  1:08  Refinery  
  17  1:18  SCV  
  18  1:29  Marine  
  18  1:30  Supply Depot, SCV  
  20  1:46  SCV  
  20  1:47  Marine  
  22  1:58  SCV  
  23  2:04  Marine  
  24  2:08  Factory  
  24  2:10  SCV  
  25  2:22  Marine, SCV  
  27  2:40  Marine  
  28  2:55  Factory Tech Lab  
  28  3:00  Barracks Tech Lab  
  28  3:13  Command Center  
  28  3:17  Orbital Command  
  28  3:25  Engineering Bay  
  28  3:31  Combat Shield  
  28  3:37  Siege Tank  
  31  3:53  Marine, Starport  
  32  4:08  SCV  
  32  4:09  Siege Tank  
  36  4:11  Marine  
  37  4:21  SCV  
  38  4:33  SCV  
  38  4:34  SCV, Refinery  
  40  4:45  SCV  
  41  4:47  SCV  
  41  4:50  Stimpack  
  42  4:59  SCV  
  43  5:09  Missile Turret  
  43  5:11  SCV  
  44  5:23  SCV  
  44  5:25  Marine  
  44  5:28  Medivac  
  48  5:34  Armory  
  48  5:35  SCV  
  49  5:41  Missile Turret  
  49  5:43  Marine  
  49  5:47  SCV  
  51  5:53  Cyclone  
  54  5:59  SCV  
  54  6:00  Marine  
  54  6:02  Starport Tech Lab  
  56  6:10  Missile Turret  
  56  6:18  Marine  
  56  6:26  Cyclone  
  54  6:36  Marine  
  54  6:39  Missile Turret  
  54  6:54  Marine  
  54  6:58  Cyclone  
  58  7:02  SCV  
  58  7:03  Missile Turret  
  58  7:07  Refinery  
  59  7:12  Marine  
  59  7:13  Terran Vehicle Weapons Level 1  
  59  7:14  SCV  
  61  7:22  Missile Turret  
  61  7:27  SCV  
  62  7:42  Supply Depot  
  62  7:48  Missile Turret  
  62  7:49  SCV  
  62  7:51  Marine  
  62  7:57  Cyclone  
  62  8:03  SCV  
  62  8:04  Supply Depot  
  63  8:08  Marine  
  63  8:12  Missile Turret  
  64  8:15  Missile Turret  
  64  8:26  Marine  
  64  8:27  Supply Depot  
  64  8:29  Cyclone  
  54  8:45  Marine  
  52  9:01  Cyclone  
  54  9:03  Marine  
  54  9:07  Terran Vehicle And Ship Armor Level 1  
  54  9:10  Missile Turret  
  54  9:14  Barracks  
  50  9:21  Marine  
  35  9:33  Cyclone  
  32  9:38  Marine  
  30  9:48  Missile Turret  
  25  9:53  Viking  
  25  9:56  Marine  
  18  10:05  Cyclone  
  6  10:14  Marine  
Show
View Real Time Build Order
Export as new Build Order

MelGibson Protoss - Winner!

Build Orders: Oracle Opening 

Get SALT Encoding   

  12  0:00  Probe  
  13  0:14  Pylon  
  13  0:18  Probe  
  14  0:32  Gateway  
  14  0:34  Probe  
  15  0:44  Assimilator  
  15  0:46  Probe  
  15  0:49  Assimilator  
  16  0:58  Probe  
  17  1:10  Probe  
  18  1:19  Cybernetics Core  
  18  1:22  Probe  
  19  1:35  Probe  
  20  1:47  Probe  
  21  1:55  Pylon  
  21  1:57  Stargate  
  21  2:00  Probe  
  22  2:04  Protoss Air Weapons Level 1 (Chrono Boost)  
  22  2:12  Probe  
  23  2:42  Oracle (Chrono Boost)  
  26  2:48  Nexus  
  26  2:55  Forge  
  26  3:16  Oracle (Chrono Boost)  
  29  3:22  Pylon  
  29  3:31  Protoss Shields Level 1 (Chrono Boost)  
  29  3:33  Assimilator  
  29  3:49  Void Ray  
  33  3:59  Probe  
  34  4:12  Probe  
  35  4:24  Probe  
  36  4:49  Void Ray  
  40  5:06  Photon Cannon  
  40  5:08  Photon Cannon  
  40  5:09  Stargate  
  40  5:10  Photon Cannon  
  40  5:12  Probe  
  41  5:17  Assimilator  
  41  5:19  Pylon  
  41  5:24  Probe  
  42  5:36  Probe  
  42  5:41  Void Ray  
  47  5:48  Probe  
  48  6:00  Probe  
  49  6:05  Void Ray  
  53  6:18  Probe  
  54  6:24  Void Ray (Chrono Boost)  
  58  6:28  Fleet Beacon  
  58  6:30  Probe  
  59  6:42  Probe  
  60  6:52  Pylon  
  60  6:54  Probe  
  60  6:55  Pylon  
  60  6:57  Pylon  
  61  7:01  Unknown  
  61  7:02  Void Ray x2 (Chrono Boost)  
  61  7:06  Probe  
  67  7:58  Void Ray x2  
  72  8:06  Stargate  
  72  8:07  Stargate  
  73  8:20  Probe  
  73  8:32  Probe  
  74  8:59  Void Ray (Chrono Boost)  
  74  9:00  Void Ray (Chrono Boost)  
  82  9:39  Void Ray (Chrono Boost)  
  86  10:20  Pylon  
  86  10:21  Pylon  
  86  10:23  Pylon  
  86  10:37  Void Ray x2  
  86  10:39  Void Ray x2  
  98  11:22  Void Ray (Chrono Boost)  
  98  11:24  Void Ray (Chrono Boost)  
  98  11:25  Void Ray x2 (Chrono Boost)  
  90  11:52  Probe  
  91  12:01  Void Ray (Chrono Boost)  
  91  12:04  Probe  
  96  12:16  Probe  
  97  12:40  Void Ray (Chrono Boost)  
  97  12:41  Void Ray x2 (Chrono Boost)  
  109  13:18  Pylon  
  109  13:20  Pylon  
  109  13:21  Pylon  
  109  13:24  Pylon  
  109  13:26  Pylon  
  109  13:27  Pylon  
Show
View Real Time Build Order
Export as new Build Order

bananaleaf Protoss - Winner!

Build Orders: Blink Stalkers 

Get SALT Encoding   

  12  0:04  Probe (Chrono Boost)  
  14  0:14  Probe (Chrono Boost)  
  14  0:19  Probe (Chrono Boost)  
  15  0:27  Pylon  
  15  0:45  Probe  
  16  0:53  Gateway  
  16  0:56  Gateway  
  16  0:57  Probe  
  16  1:00  Pylon  
  17  1:06  Assimilator  
  17  1:09  Probe (Chrono Boost)  
  18  1:22  Probe (Chrono Boost)  
  19  1:42  Cybernetics Core  
  19  1:44  Forge  
  19  1:47  Probe  
  20  2:02  Nexus  
  20  2:05  Probe (Chrono Boost)  
  21  2:12  Assimilator  
  21  2:17  Probe (Chrono Boost)  
  22  2:25  Probe (Chrono Boost)  
  23  2:31  Pylon  
  23  2:43  Probe  
  24  2:47  Twilight Council  
  24  2:55  Gateway x2  
  24  3:07  Gateway  
  24  3:14  Photon Cannon  
  24  3:18  Probe (Chrono Boost)  
  25  3:26  Probe (Chrono Boost)  
  26  3:29  Probe (Chrono Boost)  
  28  3:34  Probe (Chrono Boost)  
  28  3:36  Probe (Chrono Boost)  
  28  3:39  Blink  
  28  3:41  Assimilator  
  29  3:44  Probe  
  29  3:46  Warp Gate  
  30  3:59  Robotics Facility  
  30  4:02  Photon Cannon, Probe  
  31  4:05  Probe  
  32  4:14  Probe  
  33  4:17  Stalker, Probe  
  33  4:20  Stalker  
  38  4:28  Stalker  
  40  4:34  Stalker  
  42  4:41  Protoss Ground Weapons Level 1  
  42  4:45  Probe (Chrono Boost)  
  44  4:46  Probe (Chrono Boost)  
  44  4:47  Stalker  
  46  4:57  Probe x2 (Chrono Boost)  
  48  5:03  Stalker x2  
  52  5:15  Pylon  
  52  5:19  Pylon  
  52  5:32  Stalker  
  52  5:33  Stalker  
  54  5:53  Photon Cannon  
  54  5:55  Photon Cannon  
  54  6:02  Stalker  
  54  6:03  Stalker  
  58  6:09  Probe  
  58  6:11  Probe  
  58  6:19  Photon Cannon  
  58  6:21  Probe (Chrono Boost)  
  58  6:22  Photon Cannon  
  58  6:23  Probe (Chrono Boost)  
  58  6:24  Assimilator  
  61  6:33  Probe (Chrono Boost)  
  61  6:35  Probe (Chrono Boost)  
  61  6:36  Stalker x2  
  61  6:38  Probe (Chrono Boost)  
  61  6:39  Probe (Chrono Boost)  
  68  6:47  Robotics Bay  
  68  6:48  Probe (Chrono Boost)  
  68  6:49  Probe (Chrono Boost)  
  68  6:51  Photon Cannon  
  70  7:06  Pylon  
  70  7:11  Pylon  
  70  7:16  Protoss Ground Weapons Level 2  
  70  7:18  Pylon  
  70  7:24  Probe x2  
  68  7:36  Probe x2  
  70  7:45  Stalker x2  
  70  7:46  Stalker x2  
  70  7:48  Probe x2  
  80  7:55  Photon Cannon  
  80  8:00  Gateway, Probe  
  80  8:04  Robotics Facility  
  81  8:07  Robotics Facility  
  81  8:16  Gateway  
  81  8:21  Gateway  
  79  8:27  Gateway  
  77  8:35  Photon Cannon  
  77  8:36  Photon Cannon  
  77  8:39  Stalker x2  
  77  8:40  Stalker x2  
  73  9:10  Photon Cannon  
  73  9:12  Photon Cannon  
  73  9:16  Photon Cannon  
  71  9:29  Stalker x2  
  71  9:30  Stalker x2  
  71  9:31  Stalker  
  81  9:32  Stalker x2  
  81  9:33  Stalker  
  87  9:39  Colossus  
  92  9:55  Colossus  
  90  10:03  Stalker x2  
  94  10:34  Pylon  
  94  10:36  Pylon  
  94  10:38  Pylon  
  94  10:40  Pylon  
  94  10:45  Charge  
  94  10:47  Photon Cannon  
  94  10:54  Pylon  
  94  10:55  Photon Cannon  
  94  10:59  Photon Cannon  
  94  11:03  Nexus  
  94  11:06  Assimilator  
  94  11:08  Assimilator  
  94  11:14  Pylon  
  94  11:30  Probe x2  
  96  11:35  Stalker  
  96  11:36  Stalker x2  
  96  11:37  Stalker x3, Photon Cannon  
  96  11:38  Stalker x2  
  112  11:41  Colossus  
  112  11:42  Probe (Chrono Boost)  
  112  11:45  Probe (Chrono Boost)  
  121  11:54  Probe (Chrono Boost)  
  121  11:58  Probe (Chrono Boost)  
  123  12:03  Probe (Chrono Boost)  
  123  12:06  Probe (Chrono Boost)  
  124  12:11  Probe x2 (Chrono Boost)  
  126  12:21  Probe  
  113  12:54  Stalker x2  
  113  12:55  Stalker x3  
  113  12:56  Stalker x2  
  113  12:57  Stalker  
  129  13:30  Photon Cannon  
Show
View Real Time Build Order
Export as new Build Order

Hexen Zerg - Winner!

Build Orders: Pool First 

Get SALT Encoding   

  12  0:04  Drone  
  13  0:22  Spawning Pool  
  12  0:37  Drone x2  
  12  0:41  Extractor  
  13  0:43  Drone  
  14  0:50  Overlord  
  14  1:14  Queen  
  16  1:21  Zergling x6  
  19  1:38  Hatchery  
  18  1:44  Drone  
  20  1:47  Drone  
  20  1:55  Drone  
  21  2:05  Overlord  
  21  2:23  Metabolic Boost  
  20  2:49  Zergling x6, Drone  
  24  2:55  Overlord x2  
  24  2:59  Queen  
  24  3:00  Drone  
  27  3:07  Drone x2  
  29  3:15  Drone x2  
  31  3:24  Drone  
  32  3:30  Spore Crawler  
  32  3:31  Drone  
  32  3:35  Drone  
  33  3:43  Drone x3  
  33  3:44  Extractor  
  33  3:45  Zergling x2  
  36  3:53  Drone  
  37  4:15  Drone x5  
  42  4:28  Extractor  
  42  4:30  Drone  
  42  4:31  Extractor  
  41  4:36  Zergling x12  
  41  4:37  Zergling x4  
  43  4:46  Spine Crawler  
  34  4:54  Drone x3  
  34  4:57  Spine Crawler  
  18  5:11  Drone x2  
  18  5:20  Drone  
  14  5:22  Drone  
  14  5:23  Drone x4  
  7  5:44  Spine Crawler  
  6  5:56  Drone  
  7  6:09  Drone  
  8  6:33  Drone  
  8  6:34  Drone  
  10  6:42  Drone  
  11  7:02  Drone  
  11  7:03  Drone  
  13  7:19  Drone x2  
  3  10:24  Hatchery  
Tags
 
Add a new tag
Caveats
  • Supply blocks, unpowered buildings, or Contaminate may cause inaccurate times.
  • Supply counts are checked every 10 seconds.